 Dungeon Sprint DCSS version 0.16-a0-4053-g5391420 (webtiles) character file.

9 BluebellGnoll the Magician (level 2, -5/16 HPs)
             Began as a Deep Elf Hunter on Feb 20, 2015.
             Was an Initiate of Vehumet.
             Shot with an arrow of flame by a centaur (10 damage)
             ... in the Dungeon (Sprint IX: "|||||||||||||||||||||||||||||").
             The game lasted 00:01:51 (145 turns).

BluebellGnoll the Magician (Deep Elf Hunter)         Turns: 145, Time: 00:01:51

Health: -5/16      AC:  6    Str:  9    XL:     2   Next: 3%
Magic:  11/11      EV: 12    Int: 18    God:    Vehumet [......]
Gold:   0          SH:  0    Dex: 15    Spells: 0 memorised, 11 levels left

rFire  . . .     SeeInvis .     a - +0 short sword
rCold  . . .     Clarity  .     d - +0 leather armour
rNeg   . . .     SustAb   .     (no shield)
rPois  .         Gourm    .     (no helmet)
rElec  .         Spirit   .     s - +0 cloak
rCorr  .         Warding  .     (no gloves)
rMut   .         NoTele   +     (no boots)
MR     .....                    (no amulet)
Stlth  ++........               u - +2 ring of protection
                                t - +3 ring of intelligence

@: not resistant to hostile enchantments, unstealthy
A: no striking features
a: Renounce Religion


You were in the Dungeon.
You worshipped Vehumet.
Vehumet was noncommittal.
You were not hungry.

You visited 1 branch

Inventory:

Hand weapons
 a - a +0 short sword (weapon)
 q - a +2 halberd of venom
 r - a +2 rapier of venom
Missiles
 b - 5 javelins (quivered)
 c - 2 throwing nets
Armour
 d - a +0 leather armour (worn)
 s - a +0 cloak (worn)
Magical staves
 p - an uncursed staff of energy
Jewellery
 t - a +3 ring of intelligence (left hand)
 u - a +2 ring of protection (right hand)
Magical devices
 o - a wand of cold (6)
Scrolls
 k - 2 scrolls of blinking
 m - 3 scrolls of remove curse
 n - 2 scrolls of amnesia
Potions
 e - 5 potions of curing
 g - 3 potions of heal wounds
 h - a potion of invisibility
 i - 4 potions of magic
 j - a potion of berserk rage
Comestibles
 f - a bread ration
 l - 3 chunks of flesh


   Skills:
 - Level 1.5 Fighting
 - Level 4.3 Throwing
 - Level 2.4 Dodging
 - Level 1.2 Stealth
 + Level 5.1 Spellcasting


You had 11 spell levels left.
You didn't know any spells.

Dungeon Overview and Level Annotations

Branches:
Dungeon (1/1)

Altars:
Cheibriados
Dithmenos
Elyvilon
Fedhas
Gozag
Kikubaaqudgha
Makhleb
Nemelex Xobeh
Okawaru
Qazlal
Ru
Sif Muna
Trog
Vehumet
Xom
Yredelemnul
Zin
The Shining One
Beogh
Jiyva
Lugonu


Message History

The centaur wields a shortbow.
The centaur shoots an arrow of flame.
The arrow of flame hits you!
Ouch! That really hurt!
The arrow of flame burns you.
Evoke which item? (* to show all) (? for menu, Esc to quit)
Zapping:
o - a wand of cold (7)
Press: ? - help, Shift-Dir - straight line, f - centaur
Aim: a centaur, wielding a shortbow The bolt of cold hits the centaur.
The centaur is heavily wounded.
The bolt of cold misses the orc.
The bolt of cold hits the two-headed ogre.
The two-headed ogre is heavily wounded.
The bolt of cold hits the wasp.
The wasp is heavily wounded.
This wand has 6 charges left.
The jelly quivers.
The centaur shoots an arrow of flame.
The arrow of flame hits you!
Ouch! That really hurt!
You die...

▓+▓
▓J▓
▓5▓
▓y▓
▓O▓
▓o▓
▓c▓
▓'▓
▓@▓
▓.▓
▓[▓
▓[▓
▓.▓
▓)▓
▓.▓
▓.▓
▓.▓


You could see a two-headed ogre, a wasp, a centaur, a jelly, a crimson imp and
an orc.

Vanquished Creatures
  3 bats (D)
  A goblin (D)
  A quokka (D)
  A giant cockroach zombie (D)
  A giant newt (D)
  A jackal zombie (D)
  A kobold (D)
  A rat (D)
10 creatures vanquished.

Notes
Turn   | Place    | Note
--------------------------------------------------------------
     0 | D        | BluebellGnoll, the Deep Elf Hunter, began the quest for the Orb.
     0 | D        | Reached XP level 1. HP: 12/12 MP: 2/2
    66 | D        | Reached skill level 5 in Spellcasting
    66 | D        | Reached XP level 2. HP: 16/16 MP: 8/11
    81 | D        | Found a glowing silver altar of Zin.
    81 | D        | Found a glowing golden altar of the Shining One.
    81 | D        | Found an ancient bone altar of Kikubaaqudgha.
    81 | D        | Found a basalt altar of Yredelemnul.
    81 | D        | Found a shimmering altar of Xom.
    81 | D        | Found a radiant altar of Vehumet.
    81 | D        | Found an iron altar of Okawaru.
    82 | D        | Found a burning altar of Makhleb.
    83 | D        | Found a deep blue altar of Sif Muna.
    84 | D        | Found a bloodstained altar of Trog.
    85 | D        | Found a sparkling altar of Nemelex Xobeh.
    86 | D        | Found a white marble altar of Elyvilon.
    87 | D        | Found a roughly hewn altar of Beogh.
    88 | D        | Found a viscous altar of Jiyva.
    89 | D        | Became a worshipper of Vehumet
    90 | D        | Found a corrupted altar of Lugonu.
    91 | D        | Found a blossoming altar of Fedhas.
    92 | D        | Found a snail-covered altar of Cheibriados.
    93 | D        | Found a shadowy altar of Dithmenos.
    94 | D        | Found a stormy altar of Qazlal.
    95 | D        | Found an opulent altar of Gozag.
    96 | D        | Found a sacrificial altar of Ru.
   144 | D        | Noticed a jelly
   144 | D        | Noticed a crimson imp
   144 | D        | Noticed a wasp
   144 | D        | Noticed a two-headed ogre
   144 | D        | Noticed a centaur
   145 | D        | Shot with an arrow of flame by a centaur

Action                   || total
-------------------------++-------
Melee: Short sword       ||    10
Throw: Javelin           ||     7
Evoke: Wand              ||     1
  Use: Potion            ||     1
